 Dungeon Crawl Stone Soup version 0.30.1-9-gdf580d7c3d (webtiles) character file.

Game seed: 15672146762152909548

116352 Ijustatesigmund the Demon Slayer (level 16, -4/99 HPs)
             Began as a Gargoyle Earth Elementalist on Oct 19, 2023.
             Was a High Priest of the Shining One.
             Slain by a bone dragon (9 damage)
             ... on level 1 of the Abyss on Oct 20, 2023.
             The game lasted 01:40:15 (37688 turns).

Ijustatesigmund the Demon Slayer (GrEE)            Turns: 37688, Time: 01:40:15

Health: -4/99      AC: 26    Str: 11    XL:     16   Next: 71%
Magic:  15/40      EV: 10    Int: 34    God:    the Shining One [*****.]
Gold:   2134       SH: 29    Dex: 10    Spells: 23/38 levels left

rFire   . . .        u - +4 flail (venom)
rCold   + . .        h - +5 kite shield of Lugonu's Reproof {+Blink rF- MP+9 Stlth+}
rNeg    + + +        H - +0 acid dragon scales
rPois   ∞            f - +2 hat {Int+3}
rElec   +            i - scarf {rC+ rF+}
rCorr   +            r - +1 pair of gloves
SInv    .            Q - +1 pair of boots
Will    +....        x - amulet of reflection
Stlth   ++           M - +6 ring of intelligence
HPRegen 0.36/turn    B - +4 ring of slaying
MPRegen 0.27/turn

%: reflection
@: divinely shielded, flying, slightly contaminated, glowing
A: sickness immunity, AC +12, big wings, negative energy resistance 1,
electricity resistance, torment resistance 1, petrification resistance,
camouflage 1
a: Renounce Religion, Evoke Blink, Divine Shield, Cleansing Flame, Summon Divine
Warrior


You were on level 1 of the Abyss.
You worshipped the Shining One.
The Shining One was extremely pleased with you.
You visited 5 branches of the dungeon, and saw 25 of its levels.
You visited the Abyss 1 time.
You also visited: Sewer.

You collected 2611 gold pieces.
You spent 477 gold pieces at shops.

Inventory:

Hand Weapons
 e - a +1 morningstar of venom
 u - a +4 flail of venom (weapon)
 X - the +4 consecrated labrys {holy, Valiant Fragile Fly SInv}
   (You found it on level 5 of the Lair of Beasts)

   Valiant:   It becomes more powerful as more dangerous foes come into view.
   SInv:      It lets you see invisible.
   Fly:       It grants you flight.
   Fragile:   It will be destroyed if unequipped.
Armour
 a - a +1 robe of cold resistance
 f - a +2 hat of intelligence (worn)
 h - the +5 kite shield of Lugonu's Reproof (worn) {+Blink rF- MP+9 Stlth+}
   (You bought it in a shop on level 13 of the Dungeon)

   rF:        It makes you vulnerable to fire.
   MP:        It affects your magic capacity (+9).
   +Blink:    It lets you blink.
   Stlth:     It makes you more stealthy.
 i - a scarf of resistance (worn)
 r - a +1 pair of gloves (worn)
 D - +0 steam dragon scales
 H - +0 acid dragon scales (worn)
 Q - a +1 pair of boots (worn)
Magical Staves
 c - a staff of earth
Jewellery
 g - a ring of see invisible
 w - a ring of resist corrosion
 x - an amulet of reflection (around neck)
 B - a +4 ring of slaying (right hand)
 E - a ring of flight
 G - the ring of Xom's Entertainment {rElec rN+ Str+5 Slay-2}
   (You found it on level 8 of the Dungeon)

   [ring of positive energy]

   Str:       It affects your strength (+5).
   Slay:      It affects your accuracy & damage with ranged weapons and melee
   (-2).
   rElec:     It insulates you from electricity.
   rN:        It protects you from negative energy.
 I - a ring of ice
 K - a ring of fire
 M - a +6 ring of intelligence (left hand)
 N - a ring of protection from fire
 O - a +6 ring of intelligence
 P - a +6 ring of strength
 U - an amulet of the acrobat
 Z - the amulet of the Heavens {Reflect rC+ Str-5 SH+5 SInv}
   (You took it off a naga mage on level 1 of the Snake Pit)

   [amulet of reflection]

   It reflects blocked missile attacks.
   Str:       It affects your strength (-5).
   rC:        It protects you from cold.
   SInv:      It lets you see invisible.
   SH:        It affects your SH (+5).
Wands
 t - a wand of flame (48)
 y - a wand of polymorph (10)
 R - a wand of paralysis (6)
 T - a wand of mindburst (3)
Scrolls
 j - 6 scrolls of amnesia
 l - 2 scrolls of enchant weapon
 m - 5 scrolls of enchant armour
 p - 8 scrolls of fog
 C - 11 scrolls of identify
 L - a scroll of brand weapon
Potions
 b - a potion of magic
 d - 7 potions of flight
 k - 11 potions of curing
 n - 2 potions of haste
 o - a potion of might
 q - 6 potions of mutation
 s - 5 potions of lignification
 v - 2 potions of ambrosia
 z - 4 potions of brilliance
 A - a potion of resistance
 J - 3 potions of cancellation
 S - 3 potions of attraction
 W - a potion of heal wounds


   Skills:
 - Level 10.6 Fighting
 - Level 9.2 Maces & Flails
 - Level 7.0 Armour
 - Level 4.8 Dodging
 - Level 2.1 Stealth
 - Level 5.1 Shields
 + Level 11.5 Spellcasting
 + Level 10.0 Conjurations
 - Level 7.9 Translocations
 - Level 6.0 Transmutations
 + Level 11.2 Earth Magic
 + Level 13.3 Invocations
 + Level 6.9 Evocations


You had 23 spell levels left.
You knew the following spells:

 Your Spells              Type           Power      Damage    Failure   Level
a - Sandblast             Erth           100%       2d20      1%          1
b - Stone Arrow           Conj/Erth      100%       3d13      1%          3
c - Iskenderun's Mystic   Conj/Tloc      69%        2d14      3%          4
d - Irradiate             Conj/Tmut      32%        3d22      13%         5
e - Passwall              Tmut/Erth      56%        N/A       1%          2

Your spell library contained the following spells:

 Spells                   Type           Power      Damage    Failure   Level
 Apportation              Tloc           100%       N/A       1%          1
 Beastly Appendage        Tmut           100%       N/A       1%          1
 Kiss of Death            Conj/Necr      100%       2d13      1%          1
 Wereblood                Tmut           57%        N/A       1%          2
 Sting                    Tmut/Pois      100%       1d8       3%          1
 Petrify                  Tmut/Erth      68%        N/A       3%          4
 Lee's Rapid Deconstruct  Erth           38%        3d19*     3%          5
 Volatile Blastmotes      Fire/Tloc      92%        2d17      7%          3
 Spider Form              Tmut/Pois      40%        N/A       11%         3
 Necrotise                Necr           76%        1d7       12%         1
 Summon Small Mammal      Summ           76%        N/A       12%         1
 Leda's Liquefaction      Hex/Erth       27%        N/A       12%         4
 Fulminant Prism          Conj/Hex       26%        3d14      16%         4
 Poisonous Vapours        Pois/Air       38%        N/A       19%         2
 Confusing Touch          Hex            19%        N/A       36%         3
 Ozocubu's Armour         Ice            19%        N/A       36%         3
 Vampiric Draining        Necr           19%        2d7       36%         3
 Dispel Undead            Necr           19%        3d11      77%         4
 Olgreb's Toxic Radiance  Pois           19%        N/A       77%         4
 Agony                    Necr           19%        N/A       98%         5
 Ozocubu's Refrigeration  Ice            9%         4d9       100%        7
 Sublimation of Blood     Necr           Unusable   N/A       N/A         2
 Statue Form              Tmut/Erth      Unusable   N/A       N/A         6

Dungeon Overview and Level Annotations

Branches:
Dungeon (15/15)            Temple (1/1) D:7            Lair (5/5) D:11
  Swamp (0/4) Lair:3        Snake (2/4) Lair:2        Slime (0/5) Lair:5
    Orc (2/2) D:12         Vaults (0/5) D:14         Depths (0/4) D:15
  Sewer (visited)
    Elf: Orc:2

Altars:
Ashenzari
Cheibriados
Dithmenos
Elyvilon
Fedhas
Gozag
Hepliaklqana
Kikubaaqudgha
Makhleb
Nemelex Xobeh
Okawaru
Qazlal
Ru
Sif Muna
Trog
Uskayaw
Vehumet
Wu Jian
Xom
Yredelemnul
Zin
The Shining One
Jiyva

Shops:
D:3 !   D:5 *   D:9 (   D:13 [(([[   Snake:2 *

Annotations:
Lair:4 3 runed translucent doors, raetorn's ghost, journeyman OgBe
Lair:5 2 transporters, FishyPogo's ghost, journeyman DrVM
Snake:2 Mlioglotl
Orc:2 Erolcha; Maurice


Innate Abilities, Weirdness & Mutations

You are immune to sickness and miasma.
Your stone body is resilient. (AC +12)
You are immune to poison.
Your large and strong wings let you fly.
You resist negative energy. (rN+)
You are resistant to electric shocks. (rElec)
You are resistant to unholy torment.
You are immune to petrification.
Your skin changes colour to match your surroundings (Stealth+).


Message History

Something shouts, "Slither home, thou paunchy moon-mazed mendicant!"
You hear a shout!
You hear a bark! x3
You block the demonic crawler's attack. The demonic crawler closely misses you.
You block the demonic crawler's attack.
The bone dragon bites you but does no damage.
You block the bone dragon's attack. x2
Casting: Iskenderun's Mystic Blast (dangerous; 3% risk of failure)
Confirm with . or Enter, or press ? or * to list all spells.
You erupt in a fountain of uncontrolled magic!
The bone dragon is blasted with magical radiation!!
The bone dragon is moderately damaged.
The demonic crawler is blasted with magical radiation.
The demonic crawler is heavily wounded.
You are lightly contaminated with residual magic.
You block the demonic crawler's attack.
The demonic crawler hits you but does no damage.
You block the demonic crawler's attack. You block the bone dragon's attack.
The bone dragon claws you but does no damage.
The bone dragon tramples you.
* * * LOW HITPOINT WARNING * * *
You hold your ground!
Casting: Irradiate (dangerous; 13% risk of failure)
Confirm with . or Enter, or press ? or * to list all spells.
Aiming: Passwall (safe; 1% risk of failure)
Press: ? - help, Dir - move target A rock wall.
This square is lit by a halo.
You block the demonic crawler's attack. x2; The demonic crawler hits you.
* * * LOW HITPOINT WARNING * * *
The bone dragon bites you but does no damage.
You block the bone dragon's attack. The bone dragon tramples you.
* * * LOW HITPOINT WARNING * * *
You hold your ground!
You block the demonic crawler's attack.
The demonic crawler hits you but does no damage. x2
You begin to meditate on the wall.
You continue meditating on the rock.
You block the demonic crawler's attack. x3; The bone dragon bites you!
* * * LOW HITPOINT WARNING * * *
The bone dragon claws you but does no damage.
The bone dragon tramples you!
You die...

#. . . .
.. . . ##
# # . . .
.... ..
### .# # .
. #@## ..#
#... ..
#Ds...# .
.
D..##...##
. .
##..#.. .
. .#
#.....##
.. .. ..
#.#..### #
# ##.# ...
# .. # . .
. .


You could see a bone dragon and a demonic crawler (very poisoned, misshapen).

Vanquished Creatures
  Rupert (D:12)
  Jorgrun (Orc:2)
  Gastronok (Orc:1)
  A tentacled starspawn (Abyss:1)
  An orc warlord (Orc:2)
  Snorg (Orc:2)
  Fannar (D:11)
  Josephine (Snake:1)
  2 hydras
  A rakshasa (D:13)
  2 ogre magi
  11 two-headed ogres
  3 anacondas (Snake:1)
  3 catoblepae (Lair:5)
  2 dancing weapons (D:14)
  6 death yaks
  7 centaur warriors
  3 boulder beetles
  A thrashing horror (Abyss:1)
  2 naga warriors
  Urug (D:13)
  A tengu warrior (D:13)
  2 naga sharpshooters (Snake:1)
  2 orc high priests
  3 large abominations (Abyss:1)
  2 skysharks
  A salamander mystic (Snake:2)
  A sixfirhy (Abyss:1)
  A spark wasp zombie (D:15)
  2 skeletal warriors (D:15)
  A naga ritualist (Snake:1)
  Pikel (D:5)
  A flayed ghost (Abyss:1)
  A lindwurm (Lair:5)
  6 orc knights
  A deep elf pyromancer (D:14)
  A phantasmal warrior (D:15)
  9 ugly things
  A necromancer (D:15)
  2 orc sorcerers
  A frost giant zombie (D:15)
  3 mana vipers
  2 salamanders
  5 cyclopes
  18 black mambas
  15 elephants
  A frost giant skeleton (D:15)
  A guardian serpent (D:11)
  2 naga magi
  4 manticores
  A smoke demon (Abyss:1)
  A gargoyle (D:11)
  13 cane toads
  4 torpor snails
  2 unseen horrors (D:11)
  10 komodo dragons
  Psyche (D:8)
  2 rime drakes
  An efreet (D:14)
  A freezing wraith (D:15)
  9 trolls
  2 polar bears (Lair:5)
  A hornet (D:9)
  20 blink frogs
  2 dream sheep (Lair:2)
  2 centaur simulacra
  13 slime creatures
  A shadow (D:9)
  A vampire (D:7)
  4 wyverns
  2 fire bats (Abyss:1)
  7 wraiths
  A water elemental (D:11)
  44 yaks
  A ynoxinul (Abyss:1)
  3 steam dragons
  5 basilisks
  4 nagas
  A neqoxec (Abyss:1)
  9 vampire mosquitoes
  5 wargs
  2 acid dragons
  20 water moccasins
  Pargi (Sewer)
  2 ice beasts
  34 orc warriors
  4 black bears
  A sky beast (D:9)
  15 wolves
  8 boggarts
  18 ogres
  14 centaurs
  2 lemures (D:5)
  A phantom (D:6)
  5 kobold brigands
  A gnoll sergeant (D:9)
  13 bullfrogs
  8 scorpions
  4 wights (D:9)
  A tengu zombie (D:15)
  16 killer bees
  7 electric eels
  7 howler monkeys
  2 small abominations (Abyss:1)
  4 hounds
  2 gnoll boudas
  11 orc priests
  4 iguanas
  33 orc wizards
  4 hell rats (Lair:4)
  15 gnolls
  12 adders
  A shadow imp (D:7)
  A white imp (D:6)
  2 ufetubi
  A worm (D:4)
  3 dart slugs
  97 orcs
  4 bats
  11 endoplasms
  2 giant cockroaches (D:4)
  5 goblins
  8 hobgoblins
  8 jackals
  8 quokkas
  8 ball pythons
  12 frilled lizards
  28 kobolds
  6 rats
  A starspawn tentacle (Abyss:1)
793 creatures vanquished.

Vanquished Creatures (others)
  A naga warrior (Snake:1)
  A centaur (D:13)
  5 starspawn tentacles
7 creatures vanquished.

Grand Total: 800 creatures vanquished

Notes
Turn   | Place    | Note
-------+----------+-------------------------------------------
     0 | D:1      | Ijustatesigmund the Gargoyle Earth Elementalist began the
                  | quest for the Orb.
     0 | D:1      | Reached XP level 1. HP: 10/10 MP: 3/3
   396 | D:1      | Reached XP level 2. HP: 16/16 MP: 3/5
   501 | D:1      | Reached skill level 1 in Fighting
   586 | D:1      | Found a faded altar of an unknown god.
   998 | D:1      | Reached XP level 3. HP: 20/20 MP: 4/6
  1002 | D:1      | Learned a level 3 spell: Stone Arrow
  1334 | D:2      | Reached XP level 4. HP: 26/26 MP: 6/8
  2197 | D:3      | Noticed a black bear
  2446 | D:3      | Found Cietzidghi's Distillery.
  2446 | D:3      | Noticed an ogre
  2459 | D:3      | Killed an ogre
  2460 | D:3      | Reached skill level 5 in Earth Magic
  2460 | D:3      | Reached XP level 5. HP: 13/32 MP: 1/10
  2878 | D:3      | Reached XP level 6. HP: 37/37 MP: 9/11
  3047 | D:3      | Killed a black bear
  3265 | D:3      | Found a radiant altar of Vehumet.
  3677 | D:4      | Reached skill level 1 in Conjurations
  3679 | D:4      | Noticed an ice beast
  3683 | D:4      | Reached XP level 7. HP: 37/42 MP: 8/13
  3689 | D:4      | Reached skill level 1 in Maces & Flails
  3948 | D:4      | Found a glowing drain.
  3967 | Sewer    | Entered a sewer
  4072 | Sewer    | Noticed Pargi
  4076 | Sewer    | Killed Pargi
  4820 | D:5      | Entered Level 5 of the Dungeon
  5043 | D:5      | Reached XP level 8. HP: 30/48 MP: 1/14
  5377 | D:5      | Reached skill level 5 in Spellcasting
  5386 | D:5      | Reached skill level 5 in Conjurations
  5953 | D:5      | Noticed Pikel
  6088 | D:5      | Found Vuduocol's Assorted Antiques.
  6116 | D:5      | Bought an orange potion for 20 gold pieces
  6116 | D:5      | Bought an onyx ring for 115 gold pieces
  6156 | D:5      | Killed Pikel
  6157 | D:5      | Reached XP level 9. HP: 52/52 MP: 7/17
  6164 | D:5      | Learned a level 4 spell: Iskenderun's Mystic Blast
  6222 | D:6      | Noticed a +0 dagger
  6222 | D:6      | Noticed a +0 spear
  6223 | D:6      | Noticed a +0 dagger
  6224 | D:6      | Noticed a +0 short sword
  6414 | D:6      | Identified the +1 robe "Leolewk" {Harm Drain rN+++ Int-2
                  | Archmagi}
  6928 | D:6      | Reached skill level 1 in Translocations
  7597 | D:6      | Reached skill level 5 in Maces & Flails
  7831 | D:6      | Noticed a +0 short sword
  7831 | D:6      | Noticed a +0 falchion
  7831 | D:6      | Noticed a +0 falchion
  7832 | D:6      | Noticed a +0 spear
  7851 | D:6      | Found a hide-covered altar of Uskayaw.
  8242 | D:7      | Found an ornate altar of the Wu Jian Council.
  8366 | D:7      | Found a bloodstained altar of Trog.
  8379 | D:7      | Found a shimmering blue altar of Sif Muna.
  8415 | D:7      | Reached XP level 10. HP: 29/56 MP: 15/20
  8687 | D:7      | Found a staircase to the Ecumenical Temple.
  8696 | Temple   | Entered the Ecumenical Temple
  8854 | Temple   | Became a worshipper of the Shining One
  8955 | D:7      | Found a broken altar of Ashenzari.
  9058 | D:7      | Identified the +0 chain mail of the Sun {Drain rC+ Int+2
                  | Slay+3}
  9543 | D:8      | Noticed Psyche
  9550 | D:8      | Killed Psyche
  9551 | D:8      | Reached skill level 1 in Invocations
  9568 | D:8      | Reached skill level 2 in Invocations
 10191 | D:8      | You fall into a shaft and drop 2 floors!
 10191 | D:10     | Entered Level 10 of the Dungeon
 10658 | D:8      | Reached skill level 5 in Fighting
 10819 | D:8      | Identified the ring of Xom's Entertainment {rElec rN+ Str+5
                  | Slay-2}
 11010 | D:9      | Reached skill level 3 in Invocations
 11142 | D:9      | Reached * piety under the Shining One
 11305 | D:9      | Reached skill level 5 in Translocations
 11549 | D:9      | Found Soutoxki's Weapon Shop.
 11552 | D:9      | Found a burning altar of Makhleb.
 11638 | D:9      | Reached skill level 1 in Armour
 11638 | D:9      | Reached skill level 4 in Invocations
 11766 | D:9      | Noticed a two-headed ogre
 11785 | D:9      | Reached XP level 11. HP: 36/64 MP: 9/23
 11989 | D:9      | Killed a two-headed ogre
 12111 | D:9      | Reached skill level 5 in Invocations
 14169 | D:10     | Found a shimmering altar of Xom.
 14700 | D:11     | Noticed a brown ugly thing
 14888 | D:11     | Killed a brown ugly thing
 15156 | D:11     | Noticed Fannar
 15187 | D:11     | Reached skill level 6 in Invocations
 15207 | D:11     | Found a staircase to the Lair.
 15255 | D:11     | Noticed a boulder beetle
 15790 | D:11     | a boulder beetle changed into a guardian serpent
 15796 | D:11     | Reached skill level 5 in Armour
 15945 | D:11     | Killed Fannar
 16042 | D:11     | Reached XP level 12. HP: 44/68 MP: 19/25
 16200 | D:12     | Found a staircase to the Orcish Mines.
 16208 | D:12     | Reached skill level 7 in Invocations
 16308 | D:12     | Noticed an ogre mage
 16316 | D:12     | Noticed a two-headed ogre
 16316 | D:12     | Reached ** piety under the Shining One
 16537 | D:12     | Noticed a two-headed ogre
 16657 | D:12     | Noticed a two-headed ogre
 16663 | D:11     | Killed a two-headed ogre
 16891 | D:12     | Paralysed by an ogre mage for 2 turns
 16899 | D:11     | Killed a two-headed ogre
 17028 | D:11     | Killed a two-headed ogre
 17214 | D:12     | Killed an ogre mage
 17554 | D:12     | Noticed a two-headed ogre
 17562 | D:12     | Killed a two-headed ogre
 17562 | D:12     | Noticed a two-headed ogre
 17563 | D:12     | Reached skill level 8 in Invocations
 17772 | D:12     | Killed a two-headed ogre
 17905 | D:12     | Noticed Rupert
 17906 | D:12     | Paralysed by Rupert for 4 turns
 17953 | D:12     | Killed Rupert
 18209 | D:12     | Noticed a two-headed ogre
 18213 | D:12     | Killed a two-headed ogre
 18214 | D:12     | Reached skill level 10 in Spellcasting
 18729 | D:13     | Found Kelaef's Armour Shoppe.
 18814 | D:13     | Noticed Urug
 18819 | D:13     | Noticed a tengu warrior
 18822 | D:13     | Killed Urug
 18823 | D:13     | Reached XP level 13. HP: 66/75 MP: 13/27
 19069 | D:13     | Found Loqefiu's Antique Weapon Boutique.
 19196 | D:13     | Found Ugoet's Antique Weapon Shoppe.
 19387 | D:13     | Found Yzymp's Antique Armour Emporium.
 19410 | D:13     | Reached skill level 9 in Invocations
 19810 | D:13     | Noticed a rakshasa
 19819 | D:13     | Killed a rakshasa
 20156 | D:13     | Found Loax's Antique Armour Boutique.
 20164 | D:13     | Bought a faintly humming kite shield for 342 gold pieces
 20164 | D:13     | Identified the +5 kite shield of Lugonu's Reproof {+Blink
                  | rF- MP+9 Stlth+} (You bought it in a shop on level 13 of
                  | the Dungeon)
 20535 | D:13     | Reached skill level 1 in Shields
 21289 | D:14     | Found a gate to the Vaults.
 21844 | D:15     | Entered Level 15 of the Dungeon
 22027 | D:15     | Reached *** piety under the Shining One
 22254 | D:15     | Reached skill level 10 in Earth Magic
 22468 | D:15     | Reached skill level 10 in Invocations
 22476 | D:15     | Gained mutation: Your large and strong wings let you fly.
                  | [Gargoyle growth]
 22476 | D:15     | Reached XP level 14. HP: 43/80 MP: 2/29
 23292 | D:15     | Found a staircase to the Depths.
 23305 | D:15     | HP: 3/78 [frost giant skeleton (10)]
 23936 | D:15     | Reached skill level 5 in Shields
 24359 | Lair:1   | Entered Level 1 of the Lair of Beasts
 24366 | Lair:1   | Learned a level 5 spell: Irradiate
 24436 | Lair:1   | Reached skill level 1 in Transmutations
 25591 | Lair:2   | Reached skill level 1 in Evocations
 26141 | Lair:2   | Found a staircase to the Snake Pit.
 26263 | Lair:2   | Reached skill level 11 in Invocations
 27893 | Lair:3   | Found a staircase to the Swamp.
 28278 | Lair:3   | Reached XP level 15. HP: 41/88 MP: 28/30
 28901 | Lair:4   | Found a runed translucent gate.
 28902 | Lair:4   | Found a runed translucent gate.
 28903 | Lair:4   | Found a runed translucent gate.
 29197 | Lair:4   | Noticed raetorn's ghost (journeyman OgBe)
 29620 | Lair:4   | Reached **** piety under the Shining One
 29739 | Lair:5   | Entered Level 5 of the Lair of Beasts
 29739 | Lair:5   | Found a staircase to the Slime Pits.
 29739 | Lair:5   | Found a viscous altar of Jiyva.
 30015 | Lair:5   | Found a transporter.
 30708 | Lair:5   | Found a transporter.
 30717 | Lair:5   | Noticed FishyPogo's ghost (journeyman DrVM)
 31581 | Lair:5   | Reached ***** piety under the Shining One
 31600 | Lair:5   | Reached skill level 12 in Invocations
 32310 | Lair:5   | Found the +4 consecrated labrys {holy, Valiant Fragile Fly
                  | SInv}
 32776 | Snake:1  | Entered Level 1 of the Snake Pit
 32776 | Snake:1  | Noticed Josephine
 32792 | Snake:1  | Killed Josephine
 32793 | Snake:1  | Reached skill level 5 in Evocations
 32925 | Snake:1  | Reached XP level 16. HP: 96/96 MP: 31/31
 33000 | Snake:1  | Identified the amulet of the Heavens {Reflect rC+ Str-5
                  | SH+5 SInv}
 33028 | Snake:1  | Reached skill level 5 in Transmutations
 33651 | Snake:1  | You are sucked into a shaft and drop 1 floor!
 33658 | Snake:2  | Reached skill level 10 in Fighting
 33686 | Snake:2  | Noticed Mlioglotl
 33729 | Snake:2  | Noticed a tentacled starspawn
 33738 | Snake:2  | Found Xinon's Assorted Antiques.
 34191 | Orc:1    | Entered Level 1 of the Orcish Mines
 34254 | Orc:1    | Noticed Gastronok
 34271 | Orc:1    | Killed Gastronok
 34674 | Orc:2    | Entered Level 2 of the Orcish Mines
 35130 | Orc:2    | Noticed Jorgrun
 35442 | Orc:2    | Reached skill level 13 in Invocations
 35447 | Orc:2    | Killed Jorgrun
 36138 | Orc:2    | Noticed Snorg
 36153 | Orc:2    | Killed Snorg
 36600 | Orc:2    | Noticed Maurice
 36644 | Orc:2    | Noticed Erolcha
 36907 | Abyss:1  | Cast into level 1 of the Abyss (Erolcha)
 37254 | Abyss:1  | Gained mutation: Your skin changes colour to match your
                  | surroundings (Stealth+). [a neqoxec]
 37523 | Abyss:1  | Noticed a tentacled starspawn
 37530 | Abyss:1  | Killed a tentacled starspawn
 37531 | Abyss:1  | Reached skill level 10 in Conjurations
 37593 | Abyss:1  | Learned a level 2 spell: Passwall
 37606 | Abyss:1  | Noticed a bone dragon
 37688 | Abyss:1  | Slain by a bone dragon

Illustrated notes

Levels and vault maps discovered:
D:1:      zaba_arrival_water, layout_basic, dreamdust_ecumenical_altar_grove
D:2:      minmay_spotlight, layout_basic, corexii_corridor_pit
D:3:      minmay_general_purpose_star, layout_rooms, vehumet_altar_wand_db,
          serial_shops, nicolae_shop_statue_plus, kennysheep_generic_room_13
D:4:      layout_cave_pods, portal_sewer_entry_f, minmay_misc_feat_roman
D:5:      layout_rooms, serial_shops, shop, uniq_pikel
D:6:      layout_gridville, nicolae_uskayaw_en_pointe
D:7:      layout_loops_ring, nicolae_sif_muna_little_library,
          mainiacjoe_overflow_cross_hatched,
          mainiacjoe_overflow_large_starburst, lemuel_temple_firewalk_b,
          grunt_ministairs_5
D:8:      layout_gridville, kennysheep_small_circle, uniq_psyche
D:9:      minmay_polygon_palace, layout_basic, bloody_makhleb, serial_shops,
          nicolae_shop_bloodbath_and_beyond
D:10:     layout_roguey, old_standard_altar
D:11:     layout_rooms, erik_lair_island, serial_glass, glass_columns_c,
          glass_columns_b, uniq_fannar
D:12:     layout_rooms, david_orc_2, uniq_rupert
D:13:     layout_basic, serial_shops, nicolae_shop_hallway_stairs,
          nicolae_shop_crystal, nicolae_shop_tiny_statue_garden, shop,
          kennysheep_mini, uniq_urug
D:14:     layout_loops_ring, erik_vaults_1, hangedman_decor_growths
D:15:     gammafunk_depths_entry_grave, layout_small_grid
Temple:   nicolae_temple_superstar
Lair:1:   layout_loops_ring
Lair:2:   layout_chaotic_city, minmay_snake_entry_six_corridors
Lair:3:   layout_concentric_octagons, minmay_swamp_entry_eels,
          grunt_megastairs_1
Lair:4:   layout_gridlike, maelrawn_ghost_gauntlet_escape, grunt_megastairs_3,
          lemuel_fruit_fields, infiniplex_staircase_pool_2
Lair:5:   evilmike_catoblepas_cave, layout_layer_cave, slime_entry_1,
          gammafunk_ghost_berserking_beasts, kilobyte_rumbling_trees
Snake:1:  layout_misc_corridors, uniq_josephine
Snake:2:  layout_cave_shapes, nicolae_stop_n_shop_1, uniq_mlioglotl,
          uniq_asterion
Orc:1:    layout_caves, uniq_gastronok
Orc:2:    st_orc_congregation, layout_caves, uniq_jorgrun, uniq_maurice,
          uniq_erolcha, uniq_snorg
Abyss:1:  base: Snake:2, abyss_greek_temple

Skill      XL: |  1  2  3  4  5  6  7  8  9 10 11 12 13 14 15 16 |
---------------+-------------------------------------------------+-----
Fighting       | 1 2 3 5 6 8 9 10 | 10.6
Earth Magic    | 4 5 6 7 8 10 11 | 11.2
Spellcasting   | 3 4 5 6 8 9 10 11 | 11.5
Conjurations   | 1 3 6 7 9 10 | 10.0
Maces & Flails | 2 4 5 6 7 8 9 |  9.2
Translocations | 3 5 7 |  7.9
Invocations    | 4 6 8 10 11 12 13 | 13.3
Armour         | 2 5 7 |  7.0
Shields        | 4 5 |  5.1
Transmutations | 2 4 6 |  6.0
Dodging        | 3 4 |  4.8
Evocations     | 2 5 6 |  6.9
Stealth        | |  2.1

Action                     |  1- 3 |  4- 6 |  7- 9 | 10-12 | 13-15 | 16-18 || total
---------------------------+-------+-------+-------+-------+-------+-------++-------
  Melee: Club              |    16 |       |       |       |       |       ||    16
         Whip              |    34 |       |       |       |       |       ||    34
         Punch             |     1 |       |       |     4 |     1 |       ||     6
         Morningstar       |       |    55 |    19 |       |       |       ||    74
         Flail             |       |       |   170 |   266 |   905 |   297 ||  1638
   Cast: Sandblast         |    36 |    42 |    27 |     5 |     5 |     1 ||   116
         Stone Arrow       |       |     4 |    79 |   211 |   202 |    68 ||   564
         Iskenderun's Myst |       |       |       |    34 |   104 |    47 ||   185
         Irradiate         |       |       |       |       |       |    11 ||    11
         Passwall          |       |       |       |       |       |     2 ||     2
 Invoke: Divine Shield     |       |       |       |     2 |     8 |     6 ||    16
         Cleansing Flame   |       |       |       |       |       |     1 ||     1
  Evoke: Wand              |       |       |     6 |    12 |     3 |     3 ||    24
    Use: Scroll            |       |    15 |     3 |    13 |     8 |    11 ||    50
         Potion            |       |       |     1 |    10 |     5 |     7 ||    23
   Stab: Sleeping          |       |     2 |     1 |       |       |       ||     3
 Armour: Robe              |    41 |    38 |    74 |       |       |       ||   153
         Steam dragon scal |       |       |    38 |    48 |       |       ||    86
         Acid dragon scale |       |       |       |   117 |   477 |   154 ||   748
         Skin              |       |       |       |     1 |     1 |       ||     2
  Dodge: Dodged            |    59 |    66 |   149 |   195 |   298 |   102 ||   869
  Block: Other             |       |       |    71 |   105 |    13 |       ||   189
         Reflection        |       |       |     3 |     8 |    23 |    22 ||    56
         Kite shield       |       |       |       |       |  1051 |   419 ||  1470
